 Dungeon Sprint DCSS version 0.30-a0-715-gdb4ae3ece1 (webtiles) character file.

Game seed: 8602728676945131846

117 Hubris850 the Ruffian (level 4, -9/48 (49) HPs)
             Began as a Troll Berserker on Jan 24, 2023.
             Was a Believer of Trog.
             Mangled by a wight
             ... wielding a +4 great sword
              (20 damage)
             ... while paralysed by a floating eye
             ... in the Dungeon (Sprint VII: "The Pits").
             The game lasted 00:01:10 (53 turns).

Hubris850 the Ruffian (Troll Berserker)               Turns: 53, Time: 00:01:11

HP:   -9/48 (49)    AC:  4    Str: 25    XL:     4   Next: 71%
MP:   3/3           EV:  1    Int:  3    God:    Trog [**....]
Gold: 0             SH:  0    Dex: 11    Spells: 3/3 levels left

rFire   . . .      SeeInvis .      - Unarmed
rCold   . . .      Faith    .    (no shield)
rNeg    . . .      Spirit   .    a - +0 animal skin
rPois   .          Reflect  .    (helmet restricted)
rElec   .          Harm     .    (no cloak)
rCorr   .          Rampage  .    (gloves unavailable)
Will    .....      NoTele   +    (boots unavailable)
Stlth   +                        (no amulet)
HPRegen 1.08/turn                (no ring)
MPRegen 0.08/turn                (no ring)

@: paralysed, lightly drained
A: large, unfitting armour, claws 3, regeneration 1, shaggy fur 1, tough skin 1
a: Renounce Religion, Berserk, Trog's Hand


You were in the Dungeon.
You worshipped Trog.
Trog was pleased with you.
You visited 1 branch

Inventory:

Armour
 a - a +0 animal skin (worn)
Scrolls
 g - a scroll of blinking
 i - a scroll of summoning
Potions
 b - a potion of curing
 c - a potion of heal wounds
 d - a potion of haste
 e - 4 potions of magic
 f - 3 potions of berserk rage
 h - 2 potions of invisibility


   Skills:
 + Level 4.6 Fighting
 + Level 4.5 Dodging
 + Level 7.3 Unarmed Combat


You had 3 spell levels left.
You didn't know any spells.
Your spell library was empty.

Dungeon Overview and Level Annotations

Branches:
Dungeon (1/1)

Altars:


Innate Abilities, Weirdness & Mutations

You are too large for most types of armour.
You have claws for hands.
Your natural rate of healing is unusually fast.
You are covered in fur. (AC +1)
You have tough skin. (AC +1)


Message History

You kill the floating eye!
Trog accepts your kill.
Your Fighting skill gained 2 levels and is now at level 4!
Your Dodging skill gained 2 levels and is now at level 4!
Your Unarmed Combat skill gained 2 levels and is now at level 7!
You have reached level 3!
Your experience leads to an increase in your attributes!
Increase (S)trength, (I)ntelligence, or (D)exterity?
You feel agile. x2; You feel stronger.
You have reached level 4!
There is an open door, spattered with blood here.
You see here a jackal corpse.
You open the door.
A floating eye, a bat, 3 wights and an ufetubus come into view.
The floating eye turns its gaze towards you.
The floating eye seems to glare at you.
There is an open door here.
You scratch the wight.
The wight is lightly damaged.
The ufetubus closely misses you. The ufetubus barely misses you.
The wight hits you with a +4 great sword.
You feel drained.
The floating eye gazes piercingly through you!
You suddenly lose the ability to move!
The ufetubus hits you.
The ufetubus hits you but does no damage.
The ufetubus hits you.
The ufetubus hits you but does no damage.
The wight hits you with a +4 great sword!
The ufetubus hits you but does no damage.
The ufetubus hits you.
The wight hits you with a +4 great sword!!
* * * LOW HITPOINT WARNING * * *
The ufetubus hits you but does no damage.
The ufetubus hits you.
* * * LOW HITPOINT WARNING * * *
The ufetubus hits you.
* * * LOW HITPOINT WARNING * * *
The ufetubus hits you but does no damage.
The wight hits you with a +4 great sword!!
You die...

##########++
##########+##...........
#.?(.')))'.##......#..#
##########.##..........
#...........'...........
#+#####'#####......#..#.
#.)#..##...........
+..†..#####'#####+
####@###.......#
#....z5zG##.......#
#.....zb.##.......#
#####+#####...<...#
#.......# #.......#
#.......# #########


You could see a floating eye, 3 wights, an ufetubus and a bat.

Vanquished Creatures
  A floating eye (D)
  A river rat (D)
  A goblin (D)
  2 jackals (D)
5 creatures vanquished.

Notes
Turn   | Place    | Note
-------+----------+-------------------------------------------
     0 | D        | Hubris850 the Troll Berserker began the quest for the Orb.
     0 | D        | Reached XP level 1. HP: 22/22 MP: 0/0
    13 | D        | Reached skill level 5 in Unarmed Combat
    13 | D        | Reached XP level 2. HP: 29/29 MP: 1/1
    43 | D        | Noticed a floating eye
    44 | D        | Reached ** piety under Trog
    46 | D        | Killed a floating eye
    47 | D        | Reached skill level 7 in Unarmed Combat
    47 | D        | Reached XP level 3. HP: 40/40 MP: 2/2
    47 | D        | Reached XP level 4. HP: 49/49 MP: 3/3
    49 | D        | Noticed a floating eye
    50 | D        | Paralysed by a floating eye for 4 turns
    53 | D        | Mangled by a wight

Illustrated notes

Levels and vault maps discovered:
D:        pitsprint [storerooms_1, entrance_room_1, metal_vault_1, armoury_2,
          mini_pit_1, grid_room_1, main_hall_1, silver_pit, the_coven_1,
          the_vestibule_1, steel_vault_3, golden_pit, hallway_of_sentries,
          crystal_vault_2, iron_vault_4, final_vault]

Skill      XL: |  1  2 |
---------------+-------+-----
Unarmed Combat | 5 7 |  7.3
Fighting       | 4 |  4.6
Dodging        | 4 |  4.5

Action                     |  1- 3 |  4- 6 || total
---------------------------+-------+-------++-------
  Melee: Unarmed           |     7 |     1 ||     8
 Armour: Animal skin       |       |     5 ||     5
  Dodge: Dodged            |     2 |     2 ||     4

Table legend: (Time is in decaauts)
 A = Elapsed time spent in this place.
 B = Non-inter-level travel time spent in this place.
 C = Inter-level travel time spent in this place.
 D = Time resting spent in this place.
 E = Time spent auto-exploring this place.
 F = Levels seen in this place.
 G = Mean time per level.
                   A        B        C        D        E       F      G
               +--------+--------+--------+--------+--------+-----+--------+
         Total |     52 |     52 |      0 |      0 |      0 |   1 |   52.0 |
       Dungeon |     52 |     52 |      0 |      0 |      0 |   1 |   52.0 |
               +--------+--------+--------+--------+--------+-----+--------+

Top non-repeatable levels by time:
       D: 52 daAuts
